 Dungeon Crawl Stone Soup version 0.28-a0-687-gb91baff9cc (webtiles) character file.

Game seed: 4168329298886448759

0 spiderkeys the Skirmisher (level 1, -7/11 HPs)
             Began as a Vine Stalker Abyssal Knight on Oct 20, 2021.
             Was a Follower of Lugonu.
             Mangled by a large abomination (14 damage)
             ... on level 1 of the Abyss.
             The game lasted 00:00:22 (114 turns).

spiderkeys the Skirmisher (VSAK)                     Turns: 114, Time: 00:00:23

Health: -7/11      AC:  3    Str: 15    XL:     1   Next: 0%
Magic:  0/3        EV: 11    Int: 10    God:    Lugonu [*.....]
Gold:   0          SH:  0    Dex: 14    Spells: 0/0 levels left

rFire   . . .      SeeInvis .   a - +1 short sword
rCold   . . .      Faith    .   (no shield)
rNeg    . . .      Spirit   +   b - +0 leather armour
rPois   .          Reflect  .   (no helmet)
rElec   .          Harm     .   (no cloak)
rCorr   .          Rampage  .   (no gloves)
Will    .....                   (no boots)
Stlth   +.........              (no amulet)
HPRegen 0.03/turn               (no ring)
MPRegen 0.08/turn               (no ring)

@: no status effects
A: fangs 2, magic shield, antimagic bite, no potion heal 2
a: Renounce Religion, Depart the Abyss


You were on level 1 of the Abyss.
You worshipped Lugonu.
Lugonu was aware of your devotion.
You visited 0 branches of the dungeon, and saw 0 of its levels.
You visited the Abyss 1 time.


Innate Abilities, Weirdness & Mutations

You have extremely sharp teeth.
When hurt, damage is shared between your health and your magic reserves.
Your bite disrupts and absorbs the magic of your enemies.
Potions cannot restore your health.


   Skills:
 + Level 2.6 Fighting
 + Level 1.7 Short Blades
 + Level 1.5 Armour
 + Level 0.7 Dodging
 + Level 1.7 Invocations


You couldn't memorise any spells.
You didn't know any spells.
Your spell library was empty.

Inventory:

Hand Weapons
 a - a +1 short sword (weapon)
Missiles
 d - 22 stones
Armour
 b - a +0 leather armour (worn)
Potions
 c - a potion of flight {unknown}

Dungeon Overview and Level Annotations

Branches:
Dungeon (0/15)

Altars:

#..≈#.#....
# . ..≈#
.### ## ♣≈#.
#.###
.♣.###.#.#
#.≈#.#.#.#
#≈♣##...#
#.#≈≈....##
#.. .
##X3###
#.#≈≈#
#.#@#.# ..≈.
###.#.# .
≈#.
#....#####
.≈ ##.#.....
# ≈
#......####
#...#...#
#.#...#.#
.....#....
#....#.##...


You could see a large abomination and a neqoxec.


Message History

You see here a +0 quarterstaff. 🤖 Initializing magus.rc ... ✅ Successfully initialized magus.rc [v1.9.10] Welcome, spiderkeys the Vine Stalker Abyssal Knight.
They say the Orb of Zot lies within this dungeon, but they say a lot of things.
Lugonu says: Depart the Abyss and spread corruption, my servant! (use the ability menu to exit the Abyss) Press ? for a list of commands and other information.
Found a +0 quarterstaff.
Found a corrupted altar of Lugonu.
c - a blue potion Unknown command.
d - 22 stones A tentacled starspawn comes into view.
A spriggan defender skeleton comes into view.
Unknown command.
A tentacle flies out from the starspawn's body!
A starspawn tentacle comes into view.
The starspawn tentacle grabs you. The starspawn tentacle constricts you.
A starspawn tentacle comes into view. 😕 HP[-1] MP[-1]
You take 1 damage, and now have 10/11 hp.
You lost 1 mp, and now have 2/3 mp.
You escape the starspawn tentacle's grasp.
You enter the shallow water.
Moving in this stuff is going to be slow. 😕 MP[+1]
Your mp is fully restored (3).
You enter the shallow water.
Moving in this stuff is going to be slow.
Why would you want to do that? 😎 HP[+1]
Your hp is fully restored (11).
A neqoxec comes into view.
The neqoxec shouts!
A large abomination comes into view.
The neqoxec hits you. 😮 HP[-4]
You take 4 damage, and now have 7/11 hp.
MASSIVE DAMAGE!! (PAUSE)
The neqoxec barely misses you.
You closely miss the neqoxec. You bite the neqoxec, but do no damage.
The large abomination hits you!
Ouch! That really hurt!
You die...

Action                   || total
-------------------------++-------
Melee: Short sword       ||     1
       Bite              ||     1
Dodge: Dodged            ||     1

Levels and vault maps discovered:
Abyss:1:  base: Temple, base: Temple, minivault_25

Notes
Turn   | Place    | Note
-------+----------+-------------------------------------------
     0 | Abyss:1  | spiderkeys the Vine Stalker Abyssal Knight began the quest
                  | for the Orb.
     0 | Abyss:1  | Reached XP level 1. HP: 11/11 MP: 3/3
     0 | Abyss:1  | magus.rc [v1.9.10]
    65 | Abyss:1  | Noticed a tentacled starspawn
    65 | Abyss:1  | Noticed a spriggan defender skeleton
   103 | Abyss:1  | Noticed a neqoxec
   110 | Abyss:1  | Noticed a large abomination
   114 | Abyss:1  | Mangled by a large abomination

Vanquished Creatures (others)
  2 starspawn tentacles (Abyss:1)
2 creatures vanquished.

Table legend:
 A = Non-vault XP
 B = Vault XP
 C = Vault XP percentage of total XP
 D = Non-vault monster count
 E = Vault monster count
 F = Vault count percentage of total count
                 A         B        C        D         E       F
            +---------+---------+-------+---------+---------+-------
      Total |       0 |       0 |   N/A |       0 |       0 |  -nan
            +---------+---------+-------+---------+---------+-------
            +---------+---------+-------+---------+---------+-------

Illustrated notes

Table legend: (Time is in decaauts)
 A = Elapsed time spent in this place.
 B = Non-inter-level travel time spent in this place.
 C = Inter-level travel time spent in this place.
 D = Time resting spent in this place.
 E = Time spent auto-exploring this place.
 F = Levels seen in this place.
 G = Mean time per level.
                   A        B        C        D        E       F      G
               +--------+--------+--------+--------+--------+-----+--------+
         Total |    115 |    115 |      0 |      0 |     64 |   1 |  115.0 |
         Abyss |    115 |    115 |      0 |      0 |     64 |   1 |  115.0 |
               +--------+--------+--------+--------+--------+-----+--------+

Top non-repeatable levels by time:
 Abyss:1: 115 daAuts
